 Dungeon Crawl Stone Soup version 0.29-a0-284-gf9362112df (webtiles) character file.

Game seed: 17043883075183790757

686 ooooo the Conjurer (level 7, -1/41 HPs)
             Began as an Octopode Conjurer on Mar 15, 2022.
             Slain by Edmund
             ... wielding a +0 flail of protection
              (9 damage)
             ... on level 5 of the Dungeon.
             The game lasted 00:09:10 (4907 turns).

ooooo the Conjurer (Octopode Conjurer)              Turns: 4907, Time: 00:09:10

Health: -1/41      AC:  1    Str:  7    XL:     7   Next: 62%
Magic:  10/14      EV: 13    Int: 28    God:
Gold:   232        SH:  0    Dex: 10    Spells: 0/15 levels left

rFire   . . .      SeeInvis .   m - +4 long sword
rCold   . . .      Faith    .   (no shield)
rNeg    . . .      Spirit   .   (helmet restricted)
rPois   .          Reflect  .   (no amulet)
rElec   .          Harm     .   j - +6 ring of intelligence
rCorr   .          Rampage  .   (no ring)
Will    .....                   (no ring)
Stlth   +++.......              (no ring)
HPRegen 0.13/turn               (no ring)
MPRegen 0.14/turn               (no ring)
                                (no ring)
                                (no ring)

@: no status effects
A: almost no armour, amphibious, 8 rings, camouflage 1, gelatinous body 1,
(nimble swimmer 1), tentacles
a: no special abilities


You were on level 5 of the Dungeon.
You visited 1 branch of the dungeon, and saw 5 of its levels.

You collected 232 gold pieces.

Inventory:

Hand Weapons
 b - a +0 dagger
 m - a +4 long sword (weapon)
 s - a +0 dagger of draining
Missiles
 p - a throwing net
Jewellery
 j - a +6 ring of intelligence (left tentacle)
Wands
 k - a wand of paralysis (9)
Scrolls
 c - a scroll of fear {unknown}
 h - a scroll of summoning {unknown}
 i - a scroll of brand weapon {unknown}
 l - a scroll of magic mapping
 q - a scroll of immolation {unknown}
 r - a scroll of noise {unknown}
Potions
 d - a potion of brilliance
 e - 2 potions of might
 f - 2 potions of ambrosia
 g - a potion of degeneration {unknown}
 n - a potion of invisibility {unknown}
 o - a potion of cancellation {unknown}


   Skills:
 - Level 2.0 Dodging
 - Level 2.6 Stealth
 + Level 4.6 Spellcasting
 + Level 6.1 Conjurations
 * Level 4.4 Hexes


You couldn't memorise any spells.
You knew the following spells:

 Your Spells              Type           Power      Damage    Failure   Level
a - Magic Dart            Conj           100%       1d8       1%          1
b - Searing Ray           Conj           82%        2d7       1%          2
c - Fulminant Prism       Conj/Hex       18%        3d11      8%          4
d - Iskenderun's Mystic   Conj/Tloc      23%        2d6       21%         4
e - Cause Fear            Hex            15%        N/A       11%         4

Your spell library contained the following spells:

 Spells                   Type           Power      Damage    Failure   Level
 Dazzling Flash           Conj/Hex       72%        N/A       2%          3
 Animate Skeleton         Necr           12%        N/A       7%          1
 Apportation              Tloc           12%        N/A       7%          1
 Summon Small Mammal      Summ           24%        N/A       7%          1
 Inner Flame              Hex/Fire       18%        N/A       9%          3
 Discord                  Hex            15%        N/A       100%        8


Dungeon Overview and Level Annotations

Branches:
Dungeon (5/15)
 Temple: D:4-7

Altars:
Fedhas
Kikubaaqudgha
Zin

Shops:
D:3 ?   D:4 [

Annotations:
D:5 Edmund


Innate Abilities, Weirdness & Mutations

You cannot wear most types of armour.
You are amphibious.
You can wear up to eight rings at the same time.
Your skin changes colour to match your surroundings (Stealth+).
Your rubbery body absorbs attacks. (AC +1, EV +1)
((You are camouflaged when in or above water. (Stealth+)))
You have tentacles for arms and can constrict up to eight enemies at once.


Message History

a +0 short sword; a +0 plate armour
Casting: Fulminant Prism (quite dangerous; 8% risk of failure)
Confirm with . or Enter, or press ? or * to list all spells.
The spell is quite dangerous to miscast (8% risk of failure)!
Continue anyway?
Aiming: Fulminant Prism (quite dangerous; 8% risk of failure)
Press: ? - help, Dir - move target You conjure a prism of explosive energy!
A fulminant prism comes into view.
Unknown command.
Your fulminant prism crackles loudly.
Your fulminant prism explodes!
The blast of energy engulfs Edmund!
Edmund is moderately wounded.
Unknown command.
Casting: Fulminant Prism (quite dangerous; 8% risk of failure)
Confirm with . or Enter, or press ? or * to list all spells.
Aiming: Searing Ray (safe; 1% risk of failure)
Press: ? - help, Shift-Dir - straight line, f - Edmund
Aim: Edmund, wielding a +0 flail of protection and wearing a +0 chain mail (moderately wounded, 87% to hit)
The searing ray hits Edmund.
Edmund is heavily wounded. (Press . to maintain the ray.) Edmund attacks as you move away!
Edmund hits you with a +0 flail of protection!
Edmund attacks as you move away! Edmund closely misses you.
Edmund attacks as you move away!
Edmund hits you with a +0 flail of protection!
Okay, then.
Okay, then.
Magic courses through your body.
Edmund hits you with a +0 flail of protection!
* * * LOW HITPOINT WARNING * * *
Casting: Searing Ray (safe; 1% risk of failure)
Confirm with . or Enter, or press ? or * to list all spells.
The spell is quite dangerous to miscast (21% risk of failure)!
Continue anyway?
You erupt in a blast of force!
The mystic blast hits Edmund but does no damage.
Edmund is heavily wounded.
Edmund hits you with a +0 flail of protection!
You die...

#.# #.# #.# #.#
#.# #.# #.#
############.#
#.........@@.#
#.############
#.#...
#.#.#####.#
#.........#
########.#######
@.....)#.#
######@#.# #)#)#


You could see Edmund.

Vanquished Creatures
  Menkaure (D:4)
  An orc warrior (D:5)
  An ogre (D:4)
  A scorpion (D:5)
  2 howler monkeys
  A hound (D:5)
  An orc priest (D:4)
  An iguana (D:5)
  An orc wizard (D:5)
  4 adders
  4 worms
  A dart slug (D:1)
  11 orcs
  9 ball pythons
  9 endoplasms
  3 giant cockroaches
  7 goblins
  3 hobgoblins
  13 jackals
  3 kobolds
  4 quokkas
  5 bats
  4 frilled lizards
  3 rats
  A rat zombie (D:3)
94 creatures vanquished.

Vanquished Creatures (others)
  7 fulminant prisms
7 creatures vanquished.

Grand Total: 101 creatures vanquished

Notes
Turn   | Place    | Note
-------+----------+-------------------------------------------
     0 | D:1      | ooooo the Octopode Conjurer began the quest for the Orb.
     0 | D:1      | Reached XP level 1. HP: 11/11 MP: 3/3
   489 | D:1      | Reached XP level 2. HP: 11/17 MP: 5/5
   932 | D:1      | Learned a level 2 spell: Searing Ray
  1344 | D:2      | Reached XP level 3. HP: 21/21 MP: 4/6
  2008 | D:2      | Found a glowing silver altar of Zin.
  2608 | D:3      | Reached XP level 4. HP: 26/27 MP: 2/8
  2620 | D:3      | Reached skill level 5 in Conjurations
  2756 | D:3      | Found a faded altar of an unknown god.
  2770 | D:3      | Reached XP level 5. HP: 31/31 MP: 10/10
  2784 | D:3      | Learned a level 4 spell: Fulminant Prism
  2873 | D:3      | Found Lafutit's Magic Scroll Shoppe.
  3132 | D:3      | Found an ancient bone altar of Kikubaaqudgha.
  3410 | D:4      | Reached skill level 1 in Hexes
  3672 | D:4      | Noticed an ogre
  3678 | D:4      | Killed an ogre
  3679 | D:4      | Reached XP level 6. HP: 36/36 MP: 1/11
  3769 | D:4      | Found Fosoepn's Armour Shoppe.
  4131 | D:4      | Noticed Menkaure
  4134 | D:4      | Killed Menkaure
  4344 | D:4      | Found a blossoming altar of Fedhas.
  4412 | D:4      | Learned a level 4 spell: Iskenderun's Mystic Blast
  4422 | D:5      | Entered Level 5 of the Dungeon
  4506 | D:5      | Reached XP level 7. HP: 41/41 MP: 8/13
  4607 | D:5      | Reached skill level 6 in Conjurations
  4826 | D:5      | Learned a level 4 spell: Cause Fear
  4861 | D:5      | Noticed Edmund
  4907 | D:5      | Slain by Edmund

Illustrated notes

Levels and vault maps discovered:
D:1:      dpeg_arrival_rooms_c, layout_loops_cross
D:2:      layout_loops_ring, basic_altar
D:3:      layout_rooms, lemuel_zombie_altar_kikubaaqudgha,
          chequers_ecumenical_altar_simple_redux, serial_shops, shop,
          saegor_snake_ambush
D:4:      layout_cave_pools, fedhas_altar_fruit_tree, serial_shops,
          nicolae_shop_trees, minmay_misc_feat_iff, uniq_menkaure
D:5:      layout_basic, uniq_edmund

Skill      XL: |  1  2  3  4  5  6  7 |
---------------+----------------------+-----
Spellcasting   | 3 4 |  4.6
Conjurations   | 5 6 |  6.1
Hexes          | 2 3 4 |  4.4
Dodging        | |  2.0
Stealth        | |  2.6

Action                   |  1- 3 |  4- 6 |  7- 9 || total
-------------------------+-------+-------+-------++-------
Melee: Dagger            |    48 |       |       ||    48
       Constrict         |    14 |    10 |     2 ||    26
       Tentacles         |     6 |     8 |       ||    14
       Long sword        |    11 |    46 |     6 ||    63
 Cast: Magic Dart        |    22 |     2 |       ||    24
       Searing Ray       |     3 |    14 |     3 ||    20
       Fulminant Prism   |       |     1 |     6 ||     7
       Iskenderun's Myst |       |       |     1 ||     1
  Use: Scroll            |       |     4 |       ||     4
       Potion            |       |       |     1 ||     1
 Stab: Sleeping          |    12 |     4 |       ||    16
       Distracted        |     1 |       |       ||     1
Armor: Skin              |     6 |     5 |     1 ||    12
Dodge: Dodged            |    43 |    39 |    10 ||    92

Table legend: (Time is in decaauts)
 A = Elapsed time spent in this place.
 B = Non-inter-level travel time spent in this place.
 C = Inter-level travel time spent in this place.
 D = Time resting spent in this place.
 E = Time spent auto-exploring this place.
 F = Levels seen in this place.
 G = Mean time per level.
                   A        B        C        D        E       F      G
               +--------+--------+--------+--------+--------+-----+--------+
         Total |   4929 |   4864 |     65 |    470 |   3742 |   5 |  985.8 |
       Dungeon |   4929 |   4864 |     65 |    470 |   3742 |   5 |  985.8 |
               +--------+--------+--------+--------+--------+-----+--------+

Top non-repeatable levels by time:
     D:1: 1305 daAuts
     D:4: 1198 daAuts
     D:2: 1023 daAuts
     D:3: 914 daAuts
     D:5: 487 daAuts
